 Dungeon Crawl Stone Soup version 0.30-b1-2-g02819fbbbe (webtiles) character file.

Game seed: 2699475524585788006

6 MisterFreud the Summoner (level 1, -1/13 HPs)
             Began as a Gnoll Wanderer on Aug 30, 2023.
             Slain by an adder (3 damage)
             ... on level 2 of the Dungeon.
             The game lasted 00:01:11 (203 turns).

MisterFreud the Summoner (Gnoll Wanderer)            Turns: 203, Time: 00:01:11

Health: -1/13      AC:  4    Str: 11    XL:     1   Next: 90%
Magic:  4/6        EV: 11    Int: 10    God:
Gold:   42         SH:  0    Dex: 12    Spells: 8/9 levels left

rFire   . . .        a - +0 dagger
rCold   . . .        (no shield)
rNeg    . . .        c - +0 leather armour
rPois   .            (no helmet)
rElec   .            d - +0 cloak
rCorr   .            (no gloves)
SInv    .            (no boots)
Will    .....        (no amulet)
Stlth   ++           (no ring)
HPRegen 0.22/turn    (no ring)
MPRegen 0.10/turn

%: no passive effects
@: lethally poisoned (-1 -> -2)
A: fangs 1, strong nose, distributed training
a: no special abilities


You were on level 2 of the Dungeon.
You visited 1 branch of the dungeon, and saw 2 of its levels.

You collected 42 gold pieces.

Inventory:

Hand Weapons
 a - a +0 dagger (weapon)
Missiles
 e - 3 javelins (quivered)
Armour
 c - a +0 leather armour (worn)
 d - a +0 cloak (worn)
Scrolls
 b - a scroll of fog


   Skills:
 + Level 0.2 Fighting
 + Level 0.2 Short Blades
 + Level 0.2 Long Blades
 + Level 0.2 Axes
 + Level 0.2 Maces & Flails
 + Level 0.2 Polearms
 + Level 0.2 Staves
 + Level 0.2 Ranged Weapons
 + Level 0.2 Throwing
 + Level 0.2 Armour
 + Level 0.2 Dodging
 + Level 4.0 Stealth
 + Level 0.2 Shields
 + Level 0.2 Unarmed Combat
 + Level 4.9 Spellcasting
 + Level 0.1 Conjurations
 + Level 0.1 Hexes
 + Level 8.7 Summonings
 + Level 0.1 Necromancy
 + Level 0.1 Translocations
 + Level 0.1 Transmutations
 + Level 0.1 Fire Magic
 + Level 2.0 Ice Magic
 + Level 0.1 Air Magic
 + Level 0.1 Earth Magic
 + Level 0.1 Poison Magic
 + Level 0.3 Invocations
 + Level 0.2 Evocations


You had 8 spell levels left.
You knew the following spells:

 Your Spells              Type           Power      Damage    Failure   Level
a - Summon Small Mammal   Summ           76%        N/A       1%          1

Your spell library contained the following spells:

 Spells                   Type           Power      Damage    Failure   Level
 Call Canine Familiar     Summ           19%        N/A       2%          3
 Freeze                   Ice            24%        1d4       14%         1
 Summon Guardian Golem    Hex/Summ       11%        N/A       14%         3
 Ozocubu's Armour         Ice            6%         N/A       38%         3


Dungeon Overview and Level Annotations

Branches:
Dungeon (1/15)

Altars:


Innate Abilities, Weirdness & Mutations

You have very sharp teeth.
Your uncanny sense of smell can sniff out nearby items.
Your experience applies equally to all skills.


Message History

The adder hisses angrily.
The adder closely misses you.
Casting: Summon Small Mammal (safe; 1% risk of failure)
Confirm with . or Enter, or press ? or * to list all spells.
The adder misses you.
Your bat barely misses the adder.
The adder closely misses you.
Your bat hits the adder but does no damage.
You hit the adder.
The adder is moderately wounded.
Your bat hits the adder but does no damage.
Your bat misses the adder. The adder bites you.
Your bat misses the adder. You closely miss the adder.
The adder is moderately wounded.
Your bat closely misses the adder.
The adder bites you. x2
You are poisoned.
The adder poisons you!
You closely miss the adder.
The adder is moderately wounded.
You feel sick.
Your bat hits the adder but does no damage.
The adder closely misses you.
Casting: Summon Small Mammal (safe; 1% risk of failure)
Confirm with . or Enter, or press ? or * to list all spells.
You feel sick.
Your bat barely misses the adder.
The adder bites you but does no damage.
You closely miss the adder.
The adder is moderately wounded.
You feel sick.
Your bat closely misses the adder.
The adder barely misses you.
Your quokka misses the adder. The adder barely misses you.
You closely miss the adder. You bite the adder, but do no damage.
The adder is moderately wounded.
You feel sick.
Your bat hits the adder but does no damage.
Your bat barely misses the adder.
Your quokka misses the adder. The adder bites you.
* * * LOW HITPOINT WARNING * * *
You swap places.
* * * LOW HITPOINT WARNING * * *
You feel sick.
Your quokka barely misses the adder.
The adder bites you.
You die...

#...........#.### #.#
#.............# #.#
###.#####+##..#######
#.#
#..........>#.....#
#S#
#######.#####.###.#
#.# #.......# #.# #.#
#.# #.####### #r#
#S###.# #.#########S#
#...S.# #.........@b#
####### #############


You could see an adder (ally target), a friendly quokka (summoned) and a
friendly bat (summoned).

Vanquished Creatures
  A hobgoblin (D:1)
  A ball python (D:2)
2 creatures vanquished.

Vanquished Creatures (collateral kills)
  A ball python (D:1)
  2 endoplasms (D:1)
3 creatures vanquished.

Grand Total: 5 creatures vanquished

Notes
Turn   | Place    | Note
-------+----------+-------------------------------------------
     0 | D:1      | MisterFreud the Gnoll Wanderer began the quest for the Orb.
     0 | D:1      | MisterFreud set off with the following items: a +0 dagger,
                  | a scroll of fog, a +0 leather armour, a +0 cloak; and the
                  | following spells available to memorise: Summon Small
                  | Mammal, Call Canine Familiar, Freeze, Summon Guardian
                  | Golem, Ozocubu's Armour.
     0 | D:1      | Reached XP level 1. HP: 13/13 MP: 6/6
     2 | D:1      | Learned a level 1 spell: Summon Small Mammal
    92 | D:1      | You fall into a shaft and drop 1 floor!
   203 | D:2      | Slain by an adder

Illustrated notes

Levels and vault maps discovered:
D:1:      evilmike_arrival_hilbert_curve, layout_basic,
          shapermc_ecumenical_altar_totnotflames, nicolae_eternal_life,
          minmay_stone_trees_small
D:2:      layout_basic, serial_shops, nicolae_shop_rolling_square,
          uniq_crazy_yiuf_cottage

Skill      XL: |  1 |
---------------+----+-----
Ice Magic      | 2 |  2.0
Fighting       | |  0.2
Short Blades   | |  0.2
Long Blades    | |  0.2
Axes           | |  0.2
Maces & Flails | |  0.2
Polearms       | |  0.2
Staves         | |  0.2
Ranged Weapons | |  0.2
Throwing       | |  0.2
Armour         | |  0.2
Dodging        | |  0.2
Stealth        | |  4.0
Shields        | |  0.2
Unarmed Combat | |  0.2
Spellcasting   | |  4.9
Conjurations   | |  0.1
Hexes          | |  0.1
Summonings     | |  8.7
Necromancy     | |  0.1
Translocations | |  0.1
Transmutations | |  0.1
Fire Magic     | |  0.1
Air Magic      | |  0.1
Earth Magic    | |  0.1
Poison Magic   | |  0.1
Invocations    | |  0.3
Evocations     | |  0.2

Action                     || total
---------------------------++-------
  Melee: Dagger            ||    15
         Bite              ||     3
   Cast: Summon Small Mamm ||     5
 Armour: Leather armour    ||     6
  Dodge: Dodged            ||     8
